Map: [ESL] Babylon

Players

Milkicow

  • Race: Terran Terran
  • Spawn Location: 5:00

YoungYakov - Winner!

  • Race: Zerg Zerg
  • Spawn Location: 11:00

Event: ESL SC2 Masters 2023 Summer (Regionals)

VOD

Have the link to the VOD?

Description

Time

  • Played on: May 6, 2023, 11:24 a.m.
  • Length: 14:17

All games in this series

Show
View Real Time Build Order
Export as new Build Order

Milkicow Terran 

Build Orders: Command Center First 

Get SALT Encoding   

  12  0:00  SCV  
  13  0:12  SCV  
  14  0:17  Supply Depot  
  14  0:24  SCV  
  15  0:39  SCV  
  16  0:51  SCV  
  17  0:59  Command Center  
  17  1:03  SCV  
  18  1:13  Barracks  
  18  1:16  SCV  
  19  1:26  Barracks  
  19  1:30  SCV  
  20  1:42  SCV  
  20  1:46  Barracks  
  21  2:00  Marine  
  21  2:01  Orbital Command  
  22  2:14  Barracks  
  22  2:18  Marine x2  
  24  2:27  Orbital Command  
  24  2:28  SCV  
  25  2:35  Marine  
  25  2:36  Marine  
  27  2:37  Marine  
  27  2:40  SCV  
  28  2:47  Barracks  
  28  2:52  SCV  
  28  2:53  Marine  
  28  2:54  Marine  
  28  2:55  Marine  
  28  2:56  SCV  
  33  3:02  Marine  
  33  3:05  SCV  
  35  3:08  Supply Depot  
  35  3:11  Marine, Supply Depot  
  35  3:12  Marine, SCV  
  38  3:20  Supply Depot  
  38  3:33  Marine x4, SCV x2  
  44  3:35  Marine  
  44  3:40  Supply Depot  
  45  3:45  SCV x2  
  47  3:50  Marine x4  
  47  3:52  Refinery  
  47  3:53  Marine  
  52  3:57  SCV x2  
  54  4:08  Marine  
  54  4:09  SCV x2  
  60  4:13  Command Center  
  57  4:21  SCV x2  
  57  4:23  Marine  
  57  4:24  Marine  
  61  4:32  Supply Depot  
  61  4:33  SCV  
  62  4:40  SCV  
  62  4:42  Barracks Tech Lab  
  62  4:48  Refinery  
  62  4:53  SCV x2  
  62  4:55  Refinery x2, Supply Depot  
  60  5:05  SCV x2  
  62  5:12  Command Center  
  62  5:17  SCV x2  
  62  5:18  Stimpack, Supply Depot  
  64  5:24  Marine x3  
  64  5:26  Orbital Command  
  67  5:30  SCV x2  
  67  5:33  Factory  
  69  5:36  Marine  
  69  5:38  Marine  
  69  5:42  SCV x2  
  72  5:46  Supply Depot  
  72  5:47  Marine  
  73  5:52  Marine  
  73  5:54  SCV x2  
  76  5:58  SCV  
  76  6:02  Barracks Reactor, Barracks Tech Lab  
  77  6:04  Engineering Bay  
  77  6:06  Supply Depot  
  77  6:08  Marine  
  77  6:10  SCV  
  77  6:11  Orbital Command, SCV  
  80  6:15  Marine  
  80  6:18  Barracks Reactor  
  81  6:19  Starport  
  81  6:22  Combat Shield  
  81  6:24  SCV  
  82  6:26  Orbital Command  
  82  6:27  SCV, Factory Reactor  
  82  6:28  Supply Depot  
  83  6:33  Terran Infantry Weapons Level 1  
  83  6:34  Marine x2  
  83  6:36  Marine, SCV  
  83  6:38  SCV  
  88  6:42  Marine  
  88  6:43  Supply Depot  
  88  6:45  SCV  
  90  6:48  Marine, SCV  
  90  6:50  SCV  
  90  6:52  Supply Depot  
  90  6:53  SCV  
  94  6:58  SCV, Barracks Reactor  
  94  7:00  SCV  
  96  7:02  Engineering Bay  
  96  7:03  SCV  
  96  7:05  SCV  
  96  7:08  Marine x2  
  100  7:09  Factory Tech Lab, Medivac x2  
  100  7:10  SCV, Supply Depot  
  100  7:12  SCV, Refinery  
  100  7:13  Concussive Shells  
  106  7:16  Refinery, Supply Depot  
  106  7:17  Marine  
  106  7:20  Armory  
  106  7:22  SCV, Marine x2  
  108  7:23  Marine  
  111  7:32  SCV, Siege Tank  
  111  7:35  Factory  
  115  7:38  Marine x2  
  115  7:39  Supply Depot  
  115  7:42  Medivac x2  
  115  7:43  Marine x3  
  124  7:49  Marauder  
  125  7:51  Marine  
  125  7:52  Marine  
  125  7:53  SCV  
  125  7:54  SCV  
  125  7:55  SCV x2, Marine  
  125  7:56  Marine  
  133  8:01  Marine  
  121  8:06  SCV, Siege Tank  
  121  8:07  SCV x2  
  121  8:09  SCV, Terran Infantry Armor Level 1  
  119  8:18  SCV  
  119  8:19  SCV  
  107  8:20  SCV  
  107  8:21  SCV  
  107  8:23  Marine  
  101  8:30  SCV, Factory Tech Lab  
  101  8:31  SCV  
  101  8:32  SCV  
  101  8:33  SCV  
  100  8:36  Marine  
  100  8:37  Marine  
  74  8:41  Medivac  
  102  8:42  SCV  
  102  8:43  SCV  
  102  8:46  Terran Infantry Weapons Level 2  
  102  8:50  SCV, Siege Tank  
  102  8:53  SCV  
  102  8:54  SCV  
  102  8:55  SCV  
  109  8:58  Marine x3  
  109  9:00  Siege Tank  
  115  9:04  Supply Depot  
  115  9:05  Supply Depot  
  115  9:11  SCV  
  116  9:25  Marine x3  
  116  9:26  SCV x4  
  116  9:28  Marine  
  122  9:31  Supply Depot  
  122  9:32  Supply Depot  
  122  9:38  SCV x3, Siege Tank  
  128  9:39  Marine, SCV  
  121  9:48  Marine x3  
  121  9:49  Supply Depot x2  
  124  9:58  Marine, SCV x2  
  124  9:59  SCV x2, Supply Depot x2  
  124  10:10  Marine x3, Siege Tank, SCV  
  124  10:12  Supply Depot  
  131  10:14  Supply Depot  
  131  10:15  Supply Depot  
  131  10:18  Marine  
  131  10:19  Marauder  
  131  10:20  SCV, Marine x2  
  139  10:21  Siege Tank  
  139  10:23  SCV x2  
  139  10:28  Marine  
  142  10:31  Command Center  
  142  10:32  SCV, Marine  
  142  10:33  Marine  
  142  10:35  SCV  
  146  10:36  Marine  
  146  10:38  SCV, Marine  
  146  10:42  Siege Tank  
  152  10:47  SCV  
  152  10:48  Orbital Command, Marine, Marauder  
  152  10:49  SCV  
  157  10:58  Marine, Marauder  
  157  10:59  SCV, Siege Tank  
  157  11:03  SCV x2  
  157  11:04  Orbital Command  
  162  11:13  SCV  
  162  11:14  Marine  
  162  11:15  Marauder, Siege Tank, SCV  
  167  11:22  Marine  
  167  11:23  SCV  
  153  11:26  Orbital Command, SCV  
  153  11:28  SCV  
  158  11:35  SCV  
  158  11:38  SCV  
  155  11:42  SCV  
  153  11:49  SCV  
  153  11:50  SCV  
  153  11:53  Marine  
  153  11:54  SCV  
  153  11:56  Marine, Refinery  
  153  11:57  SCV, Refinery  
  153  12:00  Command Center  
  150  12:02  SCV, Command Center, Marine  
  150  12:04  SCV, Refinery, Marine  
  154  12:13  Siege Tank  
  154  12:15  Marine x5  
  162  12:18  SCV  
  162  12:19  SCV  
  162  12:20  Marine, SCV  
  162  12:22  Marine  
  167  12:28  SCV  
  168  12:33  Marine x3  
  168  12:36  Marauder  
  171  12:37  Marauder  
  171  12:41  Supply Depot x2  
  171  12:46  Marine x2  
  171  12:48  SCV  
  171  12:50  Orbital Command, Marine, Siege Tank  
  171  12:51  Marine x2  
  165  12:52  SCV  
  138  13:13  SCV  
  138  13:17  Marine  
  138  13:18  SCV, Marine  
  139  13:20  Marine  
  139  13:21  Marine x2, SCV  
  139  13:22  SCV, Marine  
  139  13:23  Marauder  
  139  13:26  SCV  
  138  13:27  Refinery  
  138  13:29  Refinery  
  138  13:30  SCV  
  138  13:34  Factory  
  139  13:36  Marine x2, Medivac x2, SCV x2  
  139  13:38  Marine x2, Siege Tank, SCV  
  139  13:39  Marine  
  139  13:40  Marine  
  139  13:41  Orbital Command  
  155  13:42  SCV  
  155  13:44  Marauder  
  158  13:48  SCV  
  158  13:53  SCV  
  158  13:54  Marine  
  158  13:55  Marine  
  162  13:57  Factory  
  162  14:11  Sensor Tower  
Show
View Real Time Build Order
Export as new Build Order

YoungYakov Zerg - Winner!

Build Orders: Hatch First, Lurkers 

Get SALT Encoding   

  12  0:00  Drone  
  13  0:12  Overlord  
  13  0:16  Drone  
  14  0:31  Drone x2  
  16  0:49  Hatchery  
  15  0:51  Drone  
  15  0:55  Drone  
  17  0:59  Drone  
  18  1:09  Extractor  
  17  1:14  Spawning Pool  
  17  1:17  Drone  
  17  1:21  Drone  
  18  1:27  Drone  
  19  1:38  Drone  
  20  1:51  Drone  
  21  2:01  Queen x2  
  21  2:03  Zergling x4  
  27  2:11  Overlord  
  27  2:12  Drone  
  28  2:22  Hatchery  
  27  2:25  Drone  
  28  2:30  Drone  
  28  2:32  Drone  
  30  2:39  Queen  
  32  2:45  Metabolic Boost  
  32  2:47  Overlord  
  32  2:52  Drone  
  32  2:55  Drone  
  34  2:58  Drone  
  34  2:59  Drone  
  36  3:06  Overlord  
  36  3:12  Overlord  
  36  3:18  Baneling Nest  
  35  3:22  Drone  
  35  3:24  Queen  
  38  3:28  Zergling x4  
  38  3:31  Zergling x4  
  42  3:36  Queen  
  43  3:46  Drone x3  
  46  3:51  Drone  
  46  3:52  Zergling x4  
  46  3:54  Drone  
  50  3:57  Drone  
  50  3:58  Overlord  
  50  4:01  Queen  
  53  4:07  Zergling x4  
  53  4:08  Baneling x2  
  54  4:11  Baneling x3  
  54  4:14  Zergling x2  
  54  4:15  Zergling x2  
  54  4:16  Baneling  
  56  4:18  Extractor  
  56  4:22  Zergling x6  
  58  4:26  Zergling x6  
  58  4:28  Baneling  
  61  4:37  Overlord  
  61  4:40  Drone x3  
  64  4:46  Overlord  
  64  4:50  Overlord  
  64  4:53  Zergling x2  
  62  5:00  Zergling x14  
  62  5:06  Drone x2  
  65  5:08  Lair  
  65  5:13  Drone  
  66  5:20  Drone x7  
  73  5:23  Drone  
  74  5:28  Drone  
  74  5:29  Drone x2  
  74  5:34  Overlord  
  77  5:38  Evolution Chamber  
  77  5:39  Evolution Chamber  
  72  5:44  Drone x5  
  72  5:46  Overlord  
  77  5:56  Drone x2  
  79  5:58  Extractor  
  79  5:59  Drone  
  79  6:01  Extractor  
  79  6:02  Hatchery  
  77  6:04  Zerg Ground Armor Level 1  
  77  6:05  Zerg Melee Weapons Level 1  
  77  6:09  Drone  
  77  6:10  Drone x2  
  80  6:13  Drone x3  
  80  6:16  Centrifugal Hooks  
  83  6:20  Zergling x8  
  87  6:26  Overlord  
  87  6:27  Drone x2  
  87  6:32  Hatchery  
  88  6:34  Drone x2  
  88  6:37  Drone x2  
  92  6:43  Drone x5  
  97  6:50  Hatchery  
  97  6:53  Zergling x6  
  99  6:56  Drone x3  
  99  6:59  Drone x3  
  105  7:02  Overlord  
  105  7:03  Baneling x3  
  105  7:04  Baneling  
  105  7:07  Zergling x6  
  108  7:09  Baneling x5  
  108  7:13  Zergling x6  
  111  7:17  Zergling x8  
  111  7:20  Zergling x2  
  111  7:21  Zergling x4  
  111  7:22  Zergling x4  
  120  7:23  Zergling x2  
  120  7:25  Baneling x5  
  120  7:28  Zergling x2  
  120  7:29  Zergling x6  
  125  7:33  Overlord  
  125  7:36  Overlord x2  
  125  7:39  Overlord  
  125  7:40  Zergling x4  
  127  7:47  Zergling x10  
  127  7:48  Zergling x2  
  133  7:56  Zergling x16  
  140  8:06  Zergling x2  
  140  8:07  Zergling x14  
  142  8:14  Zergling x2  
  142  8:15  Queen x3, Zergling x8  
  137  8:22  Zergling x16  
  137  8:23  Zerg Ground Armor Level 2  
  137  8:26  Hydralisk Den  
  142  8:30  Zergling x12  
  142  8:31  Zerg Melee Weapons Level 2  
  139  8:43  Drone  
  139  8:44  Drone  
  140  8:50  Zergling x20  
  140  8:52  Hatchery, Baneling x5  
  140  8:54  Baneling x6  
  149  8:58  Muscular Augments  
  149  9:00  Drone x3  
  152  9:04  Overlord x2  
  152  9:06  Pneumatized Carapace  
  152  9:09  Overlord  
  150  9:10  Overlord  
  150  9:13  Infestation Pit  
  150  9:14  Baneling x8  
  150  9:24  Drone x6  
  150  9:27  Extractor  
  150  9:28  Extractor  
  150  9:29  Zergling x16  
  161  9:35  Zergling x14  
  166  9:39  Baneling  
  166  9:40  Baneling x6  
  166  9:44  Zergling x8  
  166  9:45  Zergling x6  
  168  9:50  Hive  
  168  9:59  Drone  
  164  10:00  Drone x4  
  164  10:01  Drone x4  
  164  10:02  Drone x3  
  164  10:07  Overlord x2  
  171  10:09  Burrow, Grooved Spines  
  171  10:10  Overlord  
  171  10:13  Lurker Den  
  166  10:23  Zergling x16  
  166  10:25  Baneling  
  166  10:26  Baneling x6  
  166  10:27  Baneling  
  166  10:28  Baneling x4  
  174  10:35  Overseer  
  174  10:41  Zergling x26  
  187  10:45  Spore Crawler  
  187  10:46  Spine Crawler  
  187  10:47  Hatchery  
  187  10:48  Zergling x18  
  193  10:50  Zerg Missile Weapons Level 1  
  193  10:59  Zergling x14  
  200  11:05  Adrenal Glands, Zerg Ground Armor Level 3  
  199  11:14  Baneling x9  
  169  11:26  Viper  
  169  11:29  Extractor, Drone x2  
  169  11:30  Extractor, Drone  
  169  11:31  Drone x3  
  171  11:32  Zergling x2  
  171  11:33  Zergling x42  
  171  11:38  Viper  
  188  11:45  Zergling x16  
  179  11:50  Zergling x4  
  179  11:53  Seismic Spines  
  179  11:58  Zergling x18  
  179  11:59  Zergling x2  
  189  12:06  Baneling  
  189  12:10  Viper  
  189  12:13  Extractor, Zergling x18  
  200  12:16  Overlord x2  
  200  12:17  Overseer  
  200  12:18  Overseer  
  191  12:56  Zergling x4  
  191  12:57  Zergling x28  
  193  13:05  Hydralisk x11  
  175  13:17  Hydralisk x6  
  175  13:18  Zergling x14  
  169  13:30  Drone x3  
  169  13:31  Drone  
  169  13:32  Zergling x26  
  185  13:38  Lurker x8  
  185  13:40  Baneling x2  
  185  13:41  Baneling x9  
  193  13:48  Overseer  
  193  13:49  Zergling x14  
  193  13:54  Extractor  
  196  14:13  Hatchery  
Tags
 
Add a new tag
Caveats
  • Supply blocks, unpowered buildings, or Contaminate may cause inaccurate times.
  • Supply counts are checked every 10 seconds.